 Dungeon Crawl Stone Soup version 0.28.0-53-g5a82cb258f (webtiles) character file.

Game seed: 10969133083087907470

498 mcbry74 the Ruffian (level 6, 61/61 HPs)
             Began as a Troll Fighter on July 18, 2022.
             Was an Initiate of Gozag.
             Quit the game on level 4 of the Dungeon.
             The game lasted 00:11:27 (3261 turns).

mcbry74 the Ruffian (Troll Fighter)                 Turns: 3261, Time: 00:11:27

Health: 61/61      AC:  4    Str: 25    XL:     6   Next: 94%
Magic:  5/5        EV:  8    Int:  6    God:    Gozag
Gold:   238        SH:  7    Dex:  9    Spells: 5/5 levels left

rFire   . . .      SeeInvis .     - Unarmed
rCold   . . .      Faith    .   b - +0 kite shield
rNeg    . . .      Spirit   .   a - +0 robe
rPois   .          Reflect  .   (helmet restricted)
rElec   .          Harm     .   (no cloak)
rCorr   .          Rampage  .   (gloves unavailable)
Will    .....                   (boots unavailable)
Stlth   +.........              (no amulet)
HPRegen 1.00/turn               (no ring)
MPRegen 0.09/turn               (no ring)

@: no status effects
A: large, unfitting armour, claws 3, regeneration 1, shaggy fur 1, tough skin 1
a: Renounce Religion, Potion Petition, Call Merchant, Bribe Branch


You were on level 4 of the Dungeon.
You worshipped Gozag.
Gozag was aware of your devotion.
You visited 1 branch of the dungeon, and saw 4 of its levels.

You collected 808 gold pieces.
You paid 570 gold pieces to Gozag.

Inventory:

Hand Weapons
 h - a +2 vorpal spear
 t - the +6 spear of the Badger {venom, rCorr}
   (You found it on level 3 of the Dungeon)

   It poisons the flesh of those it strikes.
   rCorr:     It protects you from acid and corrosion.
 z - a +0 giant spiked club
Missiles
 e - 139 stones (quivered)
 k - 4 atropa-tipped darts
 u - 4 boomerangs
Armour
 a - a +0 robe (worn)
 b - a +0 kite shield (worn)
Jewellery
 q - a +4 ring of evasion
 r - an amulet of the acrobat
 w - a ring of willpower
Wands
 n - a wand of polymorph (8)
Scrolls
 d - 3 scrolls of teleportation {unknown}
 g - a scroll of fear {unknown}
 m - 3 scrolls of identify {unknown}
 o - a scroll of enchant weapon {unknown}
 s - 4 scrolls of fog {unknown}
 y - a scroll of enchant armour {unknown}
Potions
 c - a potion of might
 f - a potion of degeneration {unknown}
 i - 2 potions of mutation {unknown}
 j - a potion of heal wounds {unknown}
 l - a potion of haste {unknown}
 p - a potion of ambrosia {unknown}
 v - 2 potions of curing {unknown}
 x - 2 potions of invisibility {unknown}


   Skills:
 - Level 3.0 Fighting
 - Level 3.0 Dodging
 - Level 3.0 Shields
 * Level 6.5 Unarmed Combat


You had 5 spell levels left.
You didn't know any spells.
Your spell library contained the following spells:

 Spells                   Type           Power      Damage    Failure   Level
 Foxfire                  Conj/Fire      0%         2x1d4     75%         1
 Sandblast                Erth           0%         2d4       75%         1
 Passwall                 Tmut/Erth      0%         N/A       87%         2
 Conjure Flame            Conj/Fire      0%         6-21      98%         3
 Inner Flame              Hex/Fire       0%         N/A       98%         3
 Stone Arrow              Conj/Erth      0%         3d7       98%         3
 Flame Wave               Conj/Fire      0%         2d4       100%        4


Dungeon Overview and Level Annotations

Branches:
Dungeon (4/15)
 Temple: D:4-7

Altars:
Fedhas
Gozag
Makhleb
Nemelex Xobeh

Shops:
D:4 [*


Innate Abilities, Weirdness & Mutations

You are too large for most types of armour.
You have claws for hands.
Your natural rate of healing is unusually fast.
You are covered in fur. (AC +1)
You have tough skin. (AC +1)


Message History

The ogre hits you with a +0 giant spiked club!
You closely miss the ogre. The ogre closely misses you.
You scratch the ogre but do no damage.
The ogre hits you with a +0 giant spiked club!
You mangle the ogre!!
The ogre is severely wounded.
You claw the ogre!
You kill the ogre!
You now have enough gold to fund merchants seeking to open stores in the dungeon.
You now have 802 gold pieces (gained 15).
You see here a +0 giant spiked club.
z - a +0 giant spiked club You start resting.
HP restored.
A kobold comes into view. It is wielding a +0 whip.
Found 44 stones.
The kobold shouts!
You see here 44 stones.
You scratch the kobold but do no damage.
The kobold hits you with a +0 whip.
You closely miss the kobold. You block the kobold's attack.
You barely miss the kobold. You block the kobold's attack.
You closely miss the kobold. The kobold hits you with a +0 whip.
You claw the kobold!
You kill the kobold!
You now have 808 gold pieces (gained 6).
You see here a +0 whip.
e - 139 stones (gained 44)
You see here a +0 whip.
Done exploring.
Done exploring.
You see here a +0 whip. [a] 761 gold - Epeiqiuv's Distillery [b] 570 gold - Jefaixioso's Armour Boutique [c] 484 gold - Morathun's Antique Armour Emporium Fund which merchant?
You no longer have enough gold to petition Gozag for potion effects.
You no longer have enough gold to fund merchants seeking to open stores in the dungeon.
Jefaixioso invites you to visit their Armour Boutique.
Are you sure you want to abandon this character and quit the game? (Confirm with "yes".)

###### ######.....#
##### #.......##.#
##...## #.#...#.##.#
##.....#
#.......##[###.......
#...@................
#.......##.###.......
#.#...#.##.##.......#
#.......##.#.......##
####.#.....##...####
#.#########.## #)#
#.# #.# #)# ####.#
##'##


There were no monsters in sight!

Vanquished Creatures
  A phantom (D:4)
  An ogre (D:4)
  A scorpion (D:4)
  An orc priest (D:4)
  Jessica (D:2)
  2 iguanas (D:4)
  3 gnolls (D:4)
  3 adders (D:3)
  A worm (D:4)
  2 adder skeletons (D:4)
  4 dart slugs (D:1)
  17 orcs
  4 endoplasms
  2 giant cockroaches
  7 goblins
  7 hobgoblins
  2 jackals (D:2)
  5 quokkas
  8 ball pythons
  6 bats
  3 frilled lizards
  7 kobolds
  3 rats
91 creatures vanquished.

Notes
Turn   | Place    | Note
-------+----------+-------------------------------------------
     0 | D:1      | mcbry74 the Troll Fighter began the quest for the Orb.
     0 | D:1      | Reached XP level 1. HP: 22/22 MP: 0/0
    22 | D:1      | Found a faded altar of an unknown god.
    32 | D:1      | Prayed at the altar of an unknown god.
    32 | D:1      | Became a worshipper of Gozag Ym Sagoz the Greedy
   243 | D:1      | Reached XP level 2. HP: 29/29 MP: 1/1
   549 | D:1      | Reached XP level 3. HP: 36/36 MP: 2/2
  1227 | D:2      | Reached skill level 3 in Unarmed Combat
  1279 | D:2      | Found a burning altar of Makhleb.
  1390 | D:2      | Noticed Jessica
  1407 | D:2      | Killed Jessica
  1408 | D:2      | Reached XP level 4. HP: 39/44 MP: 3/3
  1816 | D:3      | Found a sparkling altar of Nemelex Xobeh.
  1899 | D:3      | Identified the +6 spear of the Badger {venom, rCorr}
  2096 | D:3      | Found a faded altar of an unknown god.
  2158 | D:3      | Found a blossoming altar of Fedhas.
  2248 | D:4      | Reached XP level 5. HP: 51/53 MP: 4/4
  2315 | D:4      | Reached skill level 4 in Unarmed Combat
  2701 | D:4      | Reached skill level 5 in Unarmed Combat
  2701 | D:4      | Reached XP level 6. HP: 58/61 MP: 5/5
  2784 | D:4      | Found Pupiaj's Mayhem Merchandise.
  2869 | D:4      | Reached skill level 6 in Unarmed Combat
  3261 | D:4      | Quit the game

Illustrated notes

Levels and vault maps discovered:
D:1:      minmay_arrival_semitransparent, layout_loops_cross,
          chequers_ecumenical_altar_island, ebering_dispersal_statue_hall
D:2:      layout_basic, basic_altar, uniq_jessica
D:3:      layout_basic, nemelex_altar_shiori, nicolae_overflow_ecumenical_swirl,
          marbit_many_paths, minmay_circle_x
D:4:      layout_loops_corners, minmay_shop_mayhem

Skill      XL: |  1  2  3  4  5  6 |
---------------+-------------------+-----
Unarmed Combat | 3 5 6 |  6.5
Fighting       | 3 |  3.0
Dodging        | 3 |  3.0
Shields        | 3 |  3.0

Action                   |  1- 3 |  4- 6 || total
-------------------------+-------+-------++-------
Melee: Unarmed           |   132 |   125 ||   257
Invok: Call Merchant     |       |     1 ||     1
 Stab: Sleeping          |     1 |     1 ||     2
Armor: Robe              |    36 |    26 ||    62
Dodge: Dodged            |    46 |    36 ||    82
Block: Kite shield       |    39 |    35 ||    74
